Map: Kairos Junction LE

Players

TYTY (TY) - Winner!

  • Race: Terran Terran
  • League: Master
  • Spawn Location: 5:00

OGZest (Zest)

  • Race: Protoss Protoss
  • Spawn Location: 11:00

Event: HomeStory Cup XIX

VOD

Have the link to the VOD?

Description

Time

  • Played on: June 30, 2019, 3:26 p.m.
  • Length: 8:02

All games in this series

Show
View Real Time Build Order
Export as new Build Order

TYTY Terran - Winner!

Build Orders: Banshee Rush 

Get SALT Encoding   

  12  0:01  SCV  
  13  0:13  SCV  
  14  0:17  Supply Depot  
  14  0:25  SCV  
  15  0:38  SCV  
  15  0:40  Barracks  
  16  0:43  Refinery  
  16  0:50  SCV  
  17  1:02  SCV  
  18  1:15  SCV  
  19  1:27  Orbital Command  
  19  1:35  Barracks Reactor  
  19  1:42  Command Center  
  19  1:49  Supply Depot  
  19  1:53  SCV  
  20  2:03  Factory  
  20  2:08  SCV  
  20  2:10  Marine  
  20  2:11  Marine  
  23  2:20  SCV  
  23  2:22  Refinery  
  24  2:28  Marine  
  24  2:29  Marine  
  26  2:33  SCV  
  27  2:45  SCV  
  27  2:47  Starport  
  28  2:53  Hellion  
  28  2:54  Hellion  
  28  2:57  Orbital Command  
  32  3:01  SCV  
  32  3:05  Barracks Tech Lab  
  33  3:13  SCV  
  33  3:14  Hellion  
  33  3:17  Hellion  
  38  3:23  SCV  
  38  3:26  SCV  
  40  3:30  Cloaking Field  
  40  3:33  Banshee  
  43  3:38  SCV  
  43  3:39  SCV  
  43  3:41  Widow Mine  
  41  3:50  SCV  
  41  3:51  SCV  
  41  3:55  Supply Depot  
  41  4:03  SCV x2  
  41  4:09  Marine x2, Bunker  
  45  4:11  Supply Depot  
  45  4:15  SCV  
  45  4:16  SCV  
  46  4:25  Supply Depot  
  46  4:27  Marine x2, SCV  
  46  4:28  SCV  
  46  4:29  Factory Tech Lab  
  50  4:36  Barracks  
  50  4:42  Raven  
  50  4:43  Engineering Bay  
  50  4:45  Marine x2  
  51  4:48  Siege Tank  
  51  4:52  SCV  
  54  4:57  SCV  
  55  5:04  SCV  
  55  5:05  Marine x2  
  55  5:06  Barracks  
  58  5:09  SCV  
  58  5:14  Supply Depot  
  59  5:16  SCV  
  59  5:21  Siege Tank, SCV  
  64  5:27  Marine x2  
  64  5:28  SCV  
  62  5:33  SCV  
  64  5:40  Missile Turret, SCV  
  63  5:45  Stimpack, Marine x2, SCV  
  63  5:47  Viking  
  68  5:52  SCV  
  69  5:57  SCV  
  69  6:04  Factory Reactor, Marine x2, SCV  
  69  6:06  Refinery  
  69  6:09  Marauder x2  
  76  6:12  Refinery  
  76  6:15  Supply Depot  
  76  6:17  Starport Reactor  
  75  6:21  Marine  
  75  6:23  Marine  
  77  6:25  Supply Depot  
  77  6:26  Supply Depot  
  77  6:34  SCV  
  77  6:36  SCV  
  77  6:37  Marauder x2  
  77  6:39  Marine  
  84  6:41  Marine  
  84  6:43  Supply Depot  
  85  6:47  Widow Mine  
  89  6:54  Medivac  
  89  6:55  Supply Depot  
  89  6:56  Medivac  
  89  6:57  Barracks  
  89  6:58  Marine  
  94  7:03  Barracks  
  96  7:10  Marine x3  
  97  7:16  Marine  
  97  7:18  Widow Mine x2  
  100  7:23  Supply Depot  
  100  7:24  Supply Depot  
  100  7:26  Medivac  
  102  7:33  Marine x4  
  108  7:41  Widow Mine  
Show
View Real Time Build Order
Export as new Build Order

OGZest Protoss 

Build Orders: 1 Gate Expand, Zealot Archon, Dark Templar Rush 

Get SALT Encoding   

  12  0:00  Probe  
  13  0:12  Probe  
  14  0:17  Pylon  
  14  0:23  Probe  
  15  0:32  Probe  
  15  0:36  Gateway  
  15  0:40  Probe  
  16  0:46  Assimilator  
  17  0:51  Probe  
  18  1:03  Probe  
  19  1:15  Probe  
  20  1:23  Cybernetics Core  
  20  1:32  Nexus  
  20  1:35  Probe  
  21  1:42  Pylon  
  21  1:47  Probe  
  21  1:50  Assimilator, Adept  
  22  2:00  Probe  
  25  2:04  Warp Gate  
  25  2:12  Probe  
  26  2:23  Twilight Council  
  26  2:24  Probe  
  26  2:27  Adept  
  29  2:35  Probe  
  30  2:40  Probe, Pylon  
  30  2:43  Probe  
  30  2:48  Probe  
  32  2:51  Probe  
  34  3:01  Dark Shrine  
  34  3:02  Adept  
  34  3:04  Probe  
  37  3:06  Probe  
  38  3:15  Gateway  
  38  3:17  Probe  
  38  3:18  Probe  
  40  3:26  Probe, Robotics Facility  
  40  3:30  Probe  
  40  3:33  Assimilator  
  42  3:35  Probe  
  41  3:42  Probe  
  41  3:44  Probe  
  38  3:52  Probe  
  38  3:54  Probe  
  38  3:59  Adept  
  38  4:00  Probe  
  41  4:06  Probe  
  41  4:11  Probe  
  41  4:14  Warp Prism  
  38  4:18  Probe  
  38  4:21  Dark Templar x2  
  38  4:23  Probe  
  44  4:28  Assimilator  
  44  4:30  Probe  
  47  4:35  Probe  
  48  4:42  Probe  
  49  4:47  Probe  
  49  4:49  Observer  
  48  4:54  Stalker x2, Probe  
  48  4:59  Probe  
  50  5:06  Probe  
  49  5:12  Probe  
  46  5:17  Stalker  
  46  5:18  Probe  
  46  5:19  Stalker  
  49  5:24  Probe  
  49  5:30  Probe  
  48  5:36  Probe  
  48  5:42  Dark Templar x2  
  53  5:43  Probe  
  53  5:45  Pylon  
  54  5:51  Shield Battery, Pylon  
  52  5:59  Charge  
  52  6:10  Dark Templar  
  52  6:11  Warp Prism  
  52  6:13  Gateway  
  52  6:16  Gateway  
  52  6:19  Gateway  
  52  6:21  Gateway  
  56  6:38  Gateway x2  
  54  6:40  Gateway  
  54  6:49  Pylon  
  54  6:52  Dark Templar x2  
  58  6:58  Archon  
  58  7:01  Pylon  
  58  7:04  Probe  
  58  7:05  Probe, Pylon  
  60  7:15  Observer  
  60  7:24  Zealot x5  
  60  7:25  Zealot  
  72  7:32  Zealot x2  
  72  7:34  Zealot  
Tags
 
Add a new tag
Caveats
  • Supply blocks, unpowered buildings, or Contaminate may cause inaccurate times.
  • Supply counts are checked every 10 seconds.